 Dungeon Crawl Stone Soup version 0.30.1 (webtiles) character file.

Game seed: 17532185452966198245

37566 Graphine the Fighter (level 13, 0/139 HPs)
             Began as a Pale Draconian Transmuter on July 9, 2023.
             Was a High Priest of Qazlal.
             Slain by a frost giant
             ... wielding a +1 battleaxe of freezing
              (17 damage)
             ... in an ice cave.
             The game lasted 00:50:22 (17019 turns).

Graphine the Fighter (Pale Draconian Transmuter)   Turns: 17019, Time: 00:50:23

Health: 0/139      AC: 24    Str: 14    XL:     13   Next: 59%
Magic:  21/27      EV: 13    Int: 24    God:    Qazlal [*****.]
Gold:   1051       SH:  7    Dex: 11    Spells: 22/32 levels left

rFire   x x          .
                       - Unarmed
rCold   + + +        (shield currently unavailable)
rNeg    . . .        (body armour unavailable)
rPois   +            (helmet currently unavailable)
rElec   .            e - melded scarf {rC+ rF+}
rCorr   .            t - melded +2 pair of gloves
SInv    .            B - melded +2 pair of boots {rampage}
Will    .....        (no amulet)
Stlth   +            o - ring of ice
HPRegen 0.43/turn    y - +6 ring of intelligence
MPRegen 0.20/turn

%: repel missiles, clarity
@: ice-armoured, about to teleport, ice-form, wereblooded, protected from
physical damage
A: freezing attack, amphibious, boosted hp, (breathe steam), AC +8, large,
unfitting armour, (cold-blooded), (steam resistance), (hooves 1), clarity
a: End Transformation, Renounce Religion, Upheaval, Elemental Force, Disaster
Area


You were in an ice cave.
You worshipped Qazlal.
Qazlal was extremely pleased with you.
You were a creature of crystalline ice.
You visited 2 branches of the dungeon, and saw 14 of its levels.
You also visited: Sewer, Gauntlet and Ice Cave.

You collected 1051 gold pieces.

Inventory:

Missiles
 q - a throwing net
Armour
 e - a scarf of resistance (melded)
 t - a +2 pair of gloves (melded)
 u - a +0 kite shield
 B - a +2 pair of boots of rampaging (melded)
 F - the +0 cloak of Distant Shores {Harm rPois Str+4 Int+3}
   (You found it in a Gauntlet)

   Str:       It affects your strength (+4).
   Int:       It affects your intelligence (+3).
   rPois:     It protects you from poison.
   Harm:      It increases damage dealt and taken.
Magical Staves
 i - a staff of cold
Jewellery
 c - a ring of flight
 f - a ring of see invisible
 h - a ring of poison resistance
 m - a ring of magical power
 o - a ring of ice (left front paw)
 y - a +6 ring of intelligence (right front paw)
Wands
 j - a wand of mindburst (3)
 p - a wand of polymorph (17)
 x - a wand of flame (39)
Scrolls
 a - a scroll of silence
 g - 5 scrolls of teleportation
 l - a scroll of fog
 r - a scroll of vulnerability
 w - a scroll of amnesia
 z - a scroll of enchant armour
 C - a scroll of immolation
 D - 2 scrolls of poison
 I - a scroll of identify
Potions
 b - a potion of magic
 d - 5 potions of mutation
 k - a potion of haste {unknown}
 n - 6 potions of attraction
 s - 2 potions of cancellation
 v - 4 potions of brilliance
 E - a potion of lignification
Miscellaneous
 A - a piece from Xom's chessboard (15/15)
 G - a phial of floods
 H - a lightning rod (4/4)


   Skills:
 + Level 11.5 Fighting
 + Level 10.0 Dodging
 + Level 11.1 Unarmed Combat
 + Level 10.0 Spellcasting
 + Level 10.8 Transmutations
 - Level 4.0 Ice Magic


You had 22 spell levels left.
You knew the following spells:

 Your Spells              Type           Power      Damage    Failure   Level
a - Beastly Appendage     Tmut           100%       N/A       1%          1
b - Wereblood             Tmut           59%        N/A       1%          2
c - Ozocubu's Armour      Ice            46%        N/A       3%          3
d - Ice Form              Ice/Tmut       64%        N/A       2%          4

Your spell library contained the following spells:

 Spells                   Type           Power      Damage    Failure   Level
 Spider Form              Tmut/Pois      38%        N/A       1%          3
 Ensorcelled Hibernation  Hex/Ice        64%        N/A       3%          2
 Apportation              Tloc           24%        N/A       5%          1
 Necrotise                Necr           48%        1d6       5%          1
 Slow                     Hex            48%        N/A       5%          1
 Summon Small Mammal      Summ           48%        N/A       5%          1
 Confusing Touch          Hex            12%        N/A       16%         3
 Tukima's Dance           Hex            12%        N/A       16%         3
 Vampiric Draining        Necr           12%        2d6       16%         3
 Vhi's Electric Charge    Tloc/Air       24%        N/A       16%         3
 Yara's Violent Unravell  Hex/Tmut       19%        3d9       16%         5
 Anguish                  Hex/Necr       6%         N/A       45%         4
 Passage of Golubria      Tloc           12%        N/A       45%         4
 Metabolic Englaciation   Hex/Ice        16%        N/A       54%         5
 Arcjolt                  Conj/Air       6%         1d16      82%         5
 Simulacrum               Ice/Necr       16%        N/A       98%         6
 Plasma Beam              Fire/Air       6%         2x1d18    100%        6


Dungeon Overview and Level Annotations

Branches:
Dungeon (10/15)            Temple (0/1) D:5            Lair (4/5) D:10
 Shoals (0/4) Lair:2        Snake (0/4) Lair:3        Sewer (visited)
  IceCv (1/1)             Gauntlet (visited)
  Slime: Lair:4-5       Orc: D:9-12

Altars:
Elyvilon
Gozag
Makhleb
Okawaru
Qazlal
Xom
The Shining One

Shops:
D:6 *


Innate Abilities, Weirdness & Mutations

You are a creature of crystalline ice.
You have a powerful freezing melee attack.
You are amphibious.
Your maximum health is increased.
Your armour is entirely melded.
You are incapable of wielding weapons or throwing items.
((You can breathe blasts of scalding, opaque steam.))
((Your pale cyan-grey scales are hard. (AC +8)))
You cannot fit into any form of body armour.
((You are cold-blooded and may be slowed by cold attacks.))
((You are immune to the effects of steam.))
((You have large cloven feet.))
You possess an exceptional clarity of mind.


Message History

The death yak gores you but does no damage.
The rime drake bites you but does no damage.
You punch the death yak! You freeze the death yak.
The death yak is severely wounded.
The death yak is engulfed in freezing vapours.
The death yak gores you!!
You feel more protected from physical attacks.
The frost giant is engulfed in freezing vapours.
The frost giant hits you with a +1 battleaxe of freezing!!
* * * LOW HITPOINT WARNING * * *
You feel more protected from physical attacks.
The frost giant freezes you.
* * * LOW HITPOINT WARNING * * *
The rime drake bites you but does no damage.
As you read the scroll of teleportation, it crumbles to dust.
You feel strangely unstable.
The death yak is engulfed in freezing vapours.
You feel a bit better.
You kill the death yak!
Qazlal accepts your kill.
The frost giant is engulfed in freezing vapours.
The frost giant hits you with a +1 battleaxe of freezing!!
* * * LOW HITPOINT WARNING * * *
The frost giant freezes you.
* * * LOW HITPOINT WARNING * * *
The rime drake misses you.
Your Dodging skill increases to level 10!
Your Spellcasting skill increases to level 10!
You pummel the rime drake!!
You feel a bit better.
You kill the rime drake!
Qazlal accepts your kill.
The frost giant is engulfed in freezing vapours.
The frost giant hits you with a +1 battleaxe of freezing.
* * * LOW HITPOINT WARNING * * *
The yak snorts and paws the ground.
You pummel the frost giant!! You freeze the frost giant.
The frost giant is moderately wounded.
The frost giant is engulfed in freezing vapours.
The frost giant hits you with a +1 battleaxe of freezing!
You die...

### ######.## ####
#≈#≈≈≈..###
##...###≈≈≈≈≈#...##
#...°.#.≈≈≈≈###.#.#
#..YC††##≈≈##
##..## #
#..###Y†#####
##..### #$.§§.#
##.##. #.°○.☼.#
#..#. #.$....#
#.#.. #..$....#
##.## #.)[$#..# ##
##).$#..# ##.# ..#


You could see a frost giant and a yak.

Vanquished Creatures
  3 hydras
  An ice dragon (Lair:4)
  A two-headed ogre (D:8)
  12 death yaks
  A fire crab (Gauntlet)
  3 black mambas
  8 elephants
  A torpor snail (Lair:3)
  Maggie (D:7)
  3 cane toads
  7 rime drakes
  7 komodo dragons
  2 hornets
  A queen bee (Gauntlet)
  9 polar bears
  13 blink frogs
  Sigmund (D:2)
  2 centaur simulacra (Gauntlet)
  29 yaks
  A wraith (D:9)
  3 wyverns
  3 fire bats (Gauntlet)
  2 steam dragons
  Edmund (D:6)
  An acid dragon (D:10)
  Duvessa (D:7)
  3 nagas (Lair:3)
  6 water moccasins
  3 hell hounds (Gauntlet)
  3 orc warriors
  Pargi (Sewer)
  4 ice beasts
  A black bear (D:6)
  A meliai simulacrum (Gauntlet)
  2 sky beasts
  2 ogres
  10 wolves
  7 centaurs
  3 kobold brigands
  8 bullfrogs
  3 scorpions
  A cane toad simulacrum (Gauntlet)
  A wight (D:9)
  Dowan (D:7)
  9 killer bees
  5 howler monkeys
  A crimson imp (D:10)
  6 jellies
  2 hounds (D:5)
  4 orc priests
  17 iguanas
  A sleepcap (D:4)
  16 orc wizards
  7 gnolls (D:6)
  8 adders
  A shadow imp (D:6)
  2 worms (D:4)
  3 dart slugs
  33 orcs
  4 bats
  4 endoplasms
  3 giant cockroaches
  7 hobgoblins
  5 jackals
  2 quokkas (D:2)
  8 ball pythons
  18 frilled lizards
  5 goblins
  18 kobolds
  10 rats
  2 butterflies (Lair:1)
378 creatures vanquished.

Vanquished Creatures (collateral kills)
  A rime drake (IceCv)
  A yak (IceCv)
2 creatures vanquished.

Vanquished Creatures (others)
  A wizard (D:10)
  2 yaks (Lair:2)
  3 orc wizards (D:9)
6 creatures vanquished.

Grand Total: 386 creatures vanquished

Notes
Turn   | Place    | Note
-------+----------+-------------------------------------------
     0 | D:1      | Graphine the Draconian Transmuter began the quest for the
                  | Orb.
     0 | D:1      | Reached XP level 1. HP: 16/16 MP: 3/3
   205 | D:1      | Reached XP level 2. HP: 21/23 MP: 3/5
   208 | D:1      | Learned a level 2 spell: Wereblood
   643 | D:1      | Gained mutation: You possess an exceptional clarity of
                  | mind. [potion of mutation]
   643 | D:1      | Gained mutation: You have large cloven feet. [potion of
                  | mutation]
  1126 | D:2      | Reached XP level 3. HP: 28/28 MP: 4/6
  1255 | D:2      | Noticed Sigmund
  1267 | D:2      | Killed Sigmund
  1268 | D:2      | Reached skill level 1 in Ice Magic
  1268 | D:2      | Reached XP level 4. HP: 20/37 MP: 6/8
  1268 | D:2      | Reached XP level 5. HP: 23/42 MP: 6/9
  1862 | D:3      | Reached XP level 6. HP: 50/50 MP: 7/10
  2009 | D:3      | Found a glowing drain.
  2014 | Sewer    | Entered a sewer
  2073 | Sewer    | Noticed Pargi
  2088 | Sewer    | Killed Pargi
  2354 | D:3      | Learned a level 3 spell: Ozocubu's Armour
  2359 | D:3      | Learned a level 4 spell: Ice Form
  2623 | D:3      | Found an iron altar of Okawaru.
  2623 | D:3      | Found a white marble altar of Elyvilon.
  2786 | D:4      | Found a stormy altar of Qazlal.
  2797 | D:4      | Became a worshipper of Qazlal Stormbringer
  2942 | D:4      | Your scales start taking on a pale cyan-grey colour.
  2942 | D:4      | Reached XP level 7. HP: 12/57 MP: 9/12
  2942 | D:4      | Gained mutation: You are immune to the effects of steam.
                  | [Pale Draconian growth]
  3235 | D:4      | Identified the +5 scale mail of Sif Muna's Scorn {rElec rN+
                  | Int+2}
  3672 | D:5      | Entered Level 5 of the Dungeon
  3684 | D:5      | Reached * piety under Qazlal
  3912 | D:5      | Reached XP level 8. HP: 66/66 MP: 9/13
  4155 | D:5      | Reached skill level 5 in Unarmed Combat
  4236 | D:5      | Found a staircase to the Ecumenical Temple.
  4888 | D:6      | Reached skill level 5 in Fighting
  4888 | D:6      | Reached skill level 5 in Transmutations
  5111 | D:6      | Noticed Edmund
  5134 | D:6      | Killed Edmund
  5518 | D:6      | Reached XP level 9. HP: 74/74 MP: 4/16
  5875 | D:6      | Found Gylen Cein's General Store.
  6001 | D:6      | Reached skill level 5 in Spellcasting
  6089 | D:6      | Found an opulent altar of Gozag.
  6213 | D:6      | Reached skill level 5 in Dodging
  6493 | D:7      | Reached ** piety under Qazlal
  6533 | D:7      | Noticed Maggie
  6546 | D:7      | Killed Maggie
  6799 | D:7      | Found a shimmering altar of Xom.
  6881 | D:7      | Noticed Duvessa
  6885 | D:7      | Noticed Dowan
  6891 | D:7      | Killed Duvessa
  6895 | D:7      | Killed Dowan
  7677 | D:8      | Noticed a two-headed ogre
  7687 | D:8      | Killed a two-headed ogre
  7925 | D:8      | Found a glowing golden altar of the Shining One.
  7965 | D:8      | Reached XP level 10. HP: 60/84 MP: 9/19
  9250 | D:10     | Entered Level 10 of the Dungeon
  9300 | D:10     | Noticed a wizard
  9308 | D:10     | Killed a wizard
  9472 | D:10     | Found a staircase to the Lair.
  9573 | D:10     | Reached *** piety under Qazlal
 10096 | D:10     | Found a burning altar of Makhleb.
 10396 | Lair:1   | Entered Level 1 of the Lair of Beasts
 10424 | Lair:1   | Reached XP level 11. HP: 58/94 MP: 9/21
 10514 | Lair:1   | Found a gate leading to a gauntlet.
 10552 | Gauntlet | Entered a Gauntlet
 10552 | Gauntlet | Found a transporter.
 10552 | Gauntlet | Found a runed translucent gate.
 10552 | Gauntlet | Found a transporter.
 10701 | Gauntlet | Found a transporter.
 10705 | Gauntlet | Found a transporter.
 10713 | Gauntlet | Found a transporter.
 10717 | Gauntlet | Found a transporter.
 10725 | Gauntlet | Found a transporter.
 10728 | Gauntlet | Noticed a fire crab
 10741 | Gauntlet | Found a transporter.
 10745 | Gauntlet | Noticed a fire crab
 10755 | Gauntlet | Found a transporter.
 10759 | Gauntlet | Found a transporter.
 10767 | Gauntlet | Found a transporter.
 10771 | Gauntlet | Found a transporter.
 10773 | Gauntlet | Found a runed translucent gate.
 10773 | Gauntlet | Found a runed translucent gate.
 10906 | Gauntlet | Identified the +0 cloak of Distant Shores {Harm rPois Str+4
                  | Int+3}
 11027 | Gauntlet | Killed a fire crab
 11035 | Gauntlet | Reached **** piety under Qazlal
 11273 | Gauntlet | Noticed a minotaur
 11308 | Gauntlet | Identified the +4 rapier of Kuklurph {freeze, rN+ Int+2}
 12337 | Lair:2   | Noticed a four-headed hydra
 12352 | Lair:2   | Killed a four-headed hydra
 12694 | Lair:2   | Found a staircase to the Shoals.
 13057 | Lair:2   | Reached XP level 12. HP: 66/105 MP: 22/24
 13867 | Lair:3   | Noticed a death yak
 13867 | Lair:3   | Noticed a death yak
 13867 | Lair:3   | Noticed a death yak
 13868 | Lair:3   | Noticed a death yak
 13868 | Lair:3   | Noticed a death yak
 13869 | Lair:3   | Noticed a death yak
 13880 | Lair:3   | Killed a death yak
 14338 | Lair:3   | Killed a death yak
 14341 | Lair:3   | Killed a death yak
 14350 | Lair:3   | Killed a death yak
 14351 | Lair:3   | Reached skill level 10 in Fighting
 14355 | Lair:3   | Killed a death yak
 14359 | Lair:3   | Killed a death yak
 14626 | Lair:3   | Noticed an eight-headed hydra
 14632 | Lair:3   | Killed an eight-headed hydra
 14638 | Lair:3   | Reached skill level 10 in Unarmed Combat
 15191 | Lair:3   | Reached ***** piety under Qazlal
 15205 | Lair:3   | Reached skill level 10 in Transmutations
 15738 | Lair:3   | Noticed a death yak
 15747 | Lair:3   | Noticed a death yak
 15748 | Lair:3   | Noticed a death yak
 15753 | Lair:3   | Killed a death yak
 15754 | Lair:3   | Reached XP level 13. HP: 115/115 MP: 24/26
 15948 | Lair:3   | Found a staircase to the Snake Pit.
 16298 | Lair:4   | Found a frozen archway.
 16354 | IceCv    | Entered an ice cave
 16381 | IceCv    | HP: 3/139 [yak (5)]
 17003 | IceCv    | Noticed a frost giant
 17018 | IceCv    | Reached skill level 10 in Dodging
 17018 | IceCv    | Reached skill level 10 in Spellcasting
 17019 | IceCv    | Slain by a frost giant

Illustrated notes

Levels and vault maps discovered:
D:1:      nicolae_arrival_memento_mori, layout_basic
D:2:      layout_loops_ring, uniq_sigmund
D:3:      minmay_wonky_spiral, layout_basic, gammafunk_temple_overflow_statue,
          portal_sewer_entry_e
D:4:      layout_loops_ring, grunt_qazlal_sundering, nicolae_titane
D:5:      layout_basic, minmay_temple_entry_slanted, grunt_ministairs_5,
          solitary_fountain
D:6:      layout_basic, grunt_gozag_statues, serial_shops, shop,
          minmay_chambers_of_fives, uniq_edmund
D:7:      layout_basic, nicolae_overflow_crystal_walls, uniq_duvessa,
          uniq_maggie
D:8:      layout_loops_cross, nicolae_overflow_hidden_temple
D:9:      layout_irregular_city, chequers_arboretum, wad_rectangle_vault
D:10:     layout_irregular_city, lightli_temple_of_fire,
          hellmonk_lair_entry_icy, dreamdust_princess_bridge,
          lightli_wizard_tower
Lair:1:   layout_cave_pods, gauntlet_entry_generic, serial_bayou_pond_c,
          minmay_stone_trees_small, lemuel_fruit_fields
Lair:2:   layout_cave_pods, minmay_shoals_entry_centaurs,
          nicolae_lair_grazing_beasts [nicolae_sub_lair_graze_edge,
          nicolae_sub_lair_graze_edge, nicolae_sub_lair_graze_edge,
          nicolae_sub_lair_graze_edge], infiniplex_staircase_pool_2
Lair:3:   lemuel_reptile_caves, layout_regular_city, nicolae_snake_entry_squirm,
          hangedman_lair_generics_rect
Lair:4:   layout_misc_corridors, portal_ice_cave_entry_animals_and_master
IceCv:    ice_cave_small_giant

Skill      XL: |  1  2  3  4  5  6  7  8  9 10 11 12 13 |
---------------+----------------------------------------+-----
Dodging        | 2 3 4 5 7 8 9 10 | 10.0
Fighting       | 2 3 4 5 6 8 9 10 11 | 11.5
Ice Magic      | 1 2 3 4 |  4.0
Transmutations | 3 4 5 6 7 8 10 | 10.8
Spellcasting   | 3 4 6 7 8 9 10 | 10.0
Unarmed Combat | 4 5 6 8 9 10 11 | 11.1

Action                     |  1- 3 |  4- 6 |  7- 9 | 10-12 | 13-15 || total
---------------------------+-------+-------+-------+-------+-------++-------
  Melee: Unarmed           |    76 |   115 |   250 |   530 |   136 ||  1107
         Headbutt          |     9 |    10 |    22 |     9 |       ||    50
         Kick              |    16 |    28 |    52 |    11 |       ||   107
         Tailslap          |     8 |     5 |    20 |     6 |       ||    39
         Punch             |     1 |     1 |     9 |     2 |       ||    13
   Cast: Beastly Appendage |    19 |    22 |    35 |     2 |       ||    78
         Wereblood         |     1 |     8 |    22 |    32 |     7 ||    70
         Ozocubu's Armour  |       |       |    18 |    32 |     8 ||    58
         Ice Form          |       |       |    13 |    34 |     6 ||    53
Ability: Breathe Steam     |       |       |    20 |       |       ||    20
  Evoke: Wand              |       |     3 |     1 |     2 |     2 ||     8
         Lightning rod     |       |       |       |     1 |       ||     1
    Use: Scroll            |     5 |     6 |     8 |    12 |     3 ||    34
         Potion            |     2 |       |       |     9 |       ||    11
   Stab: Invisible         |       |       |       |     4 |       ||     4
 Armour: Skin              |    16 |    38 |    80 |   230 |    80 ||   444
  Dodge: Dodged            |    40 |    63 |   147 |   310 |   103 ||   663
  Block: Other             |       |       |    13 |   113 |    43 ||   169
